 Dungeon Crawl Stone Soup version 0.22-a0-614-g34fbaa0 (webtiles) character file.

30 zhorgal the Skirmisher (level 3, -5/29 HPs)
             Began as a Formicid Abyssal Knight on July 18, 2018.
             Was a Follower of Lugonu.
             Slain by Terence
             ... wielding a +4 flail of venom
              (6 damage)
             ... on level 2 of the Dungeon.
             The game lasted 00:03:07 (1259 turns).

zhorgal the Skirmisher (Formicid Abyssal Knight)    Turns: 1259, Time: 00:03:07

Health: -5/29      AC:  3    Str: 17    XL:     3   Next: 35%
Magic:  5/5        EV: 11    Int: 11    God:    Lugonu [*.....]
Gold:   48         SH:  0    Dex: 10    Spells: 2/2 levels left

rFire    . . .     SeeInvis +   a - +1 hand axe
rCold    . . .     Gourm    .   (no shield)
rNeg     . . .     Faith    .   b - +0 leather armour
rPois    .         Spirit   .   (helmet unavailable)
rElec    .         Reflect  .   (no cloak)
rCorr    .         Harm     .   (no gloves)
MR       .....                  (no boots)
Stlth    +.........             (no amulet)
HPRegen  0.09/turn              (no ring)
MPRegen  0.09/turn              (no ring)

@: lethally poisoned (-5 -> -18)
A: permanent stasis, dig shafts and tunnels, four strong arms, antennae 3
a: Dig, Shaft Self, Depart the Abyss, Renounce Religion


You were on level 2 of the Dungeon.
You worshipped Lugonu.
Lugonu was aware of your devotion.
You were not hungry.

You visited 1 branch of the dungeon, and saw 2 of its levels.
You visited the Abyss 1 time.

You collected 48 gold pieces.

Inventory:

Hand Weapons
 a - a +1 hand axe (weapon)
 f - a +0 hand crossbow
 k - a +0 hunting sling
Missiles
 h - 44 arrows
 r - 19 stones (quivered)
 s - 12 poisoned needles
Armour
 b - a +0 leather armour (worn)
Jewellery
 t - an uncursed ring of flight {unknown}
Scrolls
 d - a scroll of vulnerability {unknown}
 e - 2 scrolls of identify {unknown}
 i - a scroll of enchant weapon {unknown}
 j - a scroll of remove curse {unknown}
 l - 2 scrolls of magic mapping {unknown}
 n - a scroll of blinking {unknown}
 o - a scroll of noise {unknown}
 q - a scroll of fear {unknown}
Potions
 m - 3 potions of curing {unknown}
 p - a potion of lignification {unknown}
Comestibles
 c - 4 rations
 g - 10 chunks of flesh


   Skills:
 + Level 3.4 Fighting
 + Level 2.7 Axes
 - Level 2.1 Armour
 - Level 0.8 Dodging
 + Level 3.2 Invocations


You had 2 spell levels left.
You didn't know any spells.
Your spell library was empty.

Dungeon Overview and Level Annotations

Branches:
Dungeon (2/15)

Altars:

Annotations:
D:2 Terence


Innate Abilities, Weirdness & Mutations

You cannot be hasted, slowed, berserked, paralysed or teleported.
You can dig through walls and to a lower floor.
Your four strong arms can wield two-handed weapons with a shield.
You have a pair of large antennae on your head. (SInv)


Message History

You take 12 damage, and have 10/29 hp.
MASSIVE DAMAGE!!
You barely miss Terence.
* * * LOW HITPOINT WARNING * * *
You feel sick. Terence closely misses you.
You take 2 damage, and have 8/29 hp.
You barely miss Terence.
* * * LOW HITPOINT WARNING * * *
You feel sick. Terence closely misses you.
You take 1 damage, and have 7/29 hp.
You hit Terence.
* * * LOW HITPOINT WARNING * * *
You feel sick. Terence hits you with a flail of venom.
* * * LOW HITPOINT WARNING * * *
You take 4 damage, and have 3/29 hp.
You hit Terence.
* * * LOW HITPOINT WARNING * * *
You feel sick.
An adder comes into view.
Terence hits you with a flail of venom.
You die...

#... ..# ###++####.#
.§§.....#.######.#
.§≈..≈≈.#..).....# ##
.≈....≈.#.######## .#
......S.'.# #. ##.#
§...[...'.########.##..#
.≈§..§≈.#...@@...#.....
.≈≈..≈§.########.##.#.#
..§.§§..# #.#.#.)#
###++###########..###.#####.#
............#.........#
.#########..#.#.####### #.#
###...)...# #.. ...
.........#.# #.. ..#
#.##...###.#######


You could see Terence and an adder (wandering).

Vanquished Creatures
  2 dart slugs (D:1)
  6 goblins
  5 hobgoblins
  A quokka (D:2)
  5 bats (D:1)
  2 frilled lizards (D:1)
  A kobold (D:1)
  3 rats (D:1)
25 creatures vanquished.

Notes
Turn   | Place    | Note
-------+----------+-------------------------------------------
     0 | Abyss:1  | zhorgal the Formicid Abyssal Knight began the quest for the Orb.
     0 | Abyss:1  | Reached XP level 1. HP: 18/18 MP: 2/2
    19 | Abyss:2  | Noticed a small abomination
    39 | D:1      | Escaped the Abyss
   185 | D:1      | Reached XP level 2. HP: 24/24 MP: 3/3
   704 | D:1      | Reached XP level 3. HP: 20/29 MP: 5/5
  1240 | D:2      | Noticed Terence
  1259 | D:2      | HP: 1/29 [poisoned by Terence]
  1259 | D:2      | Slain by Terence

Vault maps used:
D:1:      nicolae_arrival_memento_mori
D:2:      kennysheep_generic_room_5, uniq_terence, uniq_sigmund
Abyss:1:  minivault_13
Abyss:2:  hangedman_relentless_pull
Abyss:3:  hangedman_decor_points, hangedman_decor_peaks_small,
          hangedman_grunt_abyss_rune_horror_hoard

Skill      XL: |  1  2 |
---------------+-------+-----
Invocations    | 3 |  3.2
Fighting       | |  3.4
Axes           | |  2.7
Armour         | |  2.1
Dodging        | |  0.8

Action                   || total
-------------------------++-------
Melee: Hand axe          ||    67
  Eat: Chunk             ||     1
Armor: Leather armour    ||    14
Dodge: Dodged            ||    28

Table legend:
 A = Spawn XP
 B = Non-spawn XP
 C = Spawn XP percentage of total XP
 D = Spawn monster count
 E = Non-spawn monster count
 F = Spawn count percentage of total count
 G = Total turns spent on level
                    A         B        C        D         E        F      G
               +---------+---------+-------+---------+---------+-------+---------
         Total |       0 |      43 |   0.0 |       0 |      25 |   0.0 |  1259
               +---------+---------+-------+---------+---------+-------+---------
           D:1 |       0 |      31 |   0.0 |       0 |      19 |   0.0 |   927
           D:2 |       0 |      12 |   0.0 |       0 |       6 |   0.0 |   293
               +---------+---------+-------+---------+---------+-------+---------
